 Dungeon Crawl Stone Soup version 0.27.1-35-g4d5d836560 (webtiles) character file.

Game seed: 1803230189321735863

564 Delamore the Covert (level 7, 0/45 HPs)
             Began as an Octopode Brigand on Apr 22, 2022.
             Slain by a wyvern (8 damage)
             ... on level 4 of the Dungeon.
             The game lasted 00:04:28 (4463 turns).

Delamore the Covert (Octopode Brigand)              Turns: 4463, Time: 00:04:28

Health: 0/45       AC:  1    Str: 10    XL:     7   Next: 32%
Magic:  6/6        EV: 12    Int: 14    God:
Gold:   241        SH:  0    Dex: 15    Spells: 6/6 levels left

rFire    . . .     SeeInvis .   a - +2 dagger
rCold    . . .     Faith    .   (no shield)
rNeg     . . .     Spirit   .   (helmet restricted)
rPois    .         Reflect  .   (no amulet)
rElec    .         Harm     .   (no ring)
rCorr    .         Rampage  .   (no ring)
Will     .....                  (no ring)
Stlth    +++++.....             (no ring)
HPRegen  0.15/turn              (no ring)
MPRegen  0.10/turn              (no ring)
                                (no ring)
                                (no ring)

@: attractive
A: almost no armour, amphibious, 8 rings, camouflage 1, gelatinous body 1,
(nimble swimmer 1), tentacles, tentacle spike 1, low mp 1
a: no special abilities


You were on level 4 of the Dungeon.
You visited 1 branch of the dungeon, and saw 4 of its levels.

You collected 241 gold pieces.

Inventory:

Hand Weapons
 a - a +2 dagger (weapon)
Missiles
 b - 7 poisoned darts (quivered)
 k - 5 javelins
Armour
 l - a +0 tower shield
Scrolls
 d - a scroll of identify
 e - a scroll of immolation
Potions
 i - a potion of degeneration {unknown}
 j - a potion of mutation


   Skills:
 - Level 2.0 Fighting
 * Level 6.5 Short Blades
 - Level 2.0 Throwing
 - Level 1.0 Dodging
 + Level 8.2 Stealth


You had 6 spell levels left.
You didn't know any spells.
Your spell library contained the following spells:

 Spells                   Type           Power      Damage    Failure   Level
 Gell's Gravitas          Tloc           0%         N/A       65%         3
 Lesser Beckoning         Tloc           0%         N/A       65%         3
 Teleport Other           Tloc           0%         N/A       65%         3


Dungeon Overview and Level Annotations

Branches:
Dungeon (4/15)
 Temple: D:4-7

Altars:
Dithmenos
Nemelex Xobeh
Okawaru
Sif Muna


Innate Abilities, Weirdness & Mutations

You cannot wear most types of armour.
You are amphibious.
You can wear up to eight rings at the same time.
Your skin changes colour to match your surroundings (Stealth+).
Your rubbery body absorbs attacks. (AC +1, EV +1)
((You are camouflaged near water. (Stealth+)))
You have tentacles for arms and can constrict up to eight enemies at once.
One of your tentacles bears a spike.
Your magical capacity is low. (-10% MP)


Message History

The wyvern is moderately wounded.
The wyvern closely misses you.
You feel less invigorated.
You feel less confused. The wyvern barely misses you.
You hit the wyvern.
You squeeze the wyvern, but do no damage.
The wyvern is heavily wounded.
The wyvern closely misses you.
You closely miss the wyvern.
Your tentacle spike misses the wyvern.
You squeeze the wyvern!
The wyvern is severely wounded.
The wyvern closely misses you.
You hit the wyvern but do no damage.
You pierce the wyvern.
The wyvern is severely wounded.
The wyvern closely misses you.
You closely miss the wyvern.
The wyvern is severely wounded.
The wyvern bites you.
You barely miss the wyvern.
You pierce the wyvern.
The wyvern is almost dead.
The wyvern bites you!
You hit the wyvern.
The wyvern is almost dead.
The wyvern bites you.
You barely miss the wyvern.
The wyvern is almost dead.
The wyvern bites you!
* * * LOW HITPOINT WARNING * * *
You hit the wyvern but do no damage.
Your tentacle spike misses the wyvern.
The wyvern is almost dead.
The wyvern completely misses you.
You closely miss the wyvern.
The wyvern is almost dead.
The wyvern completely misses you.
Okay, then.
You closely miss the wyvern. Your squeeze misses the wyvern.
The wyvern is almost dead.
The wyvern bites you!
You die...

#.....###.....###...##.#
##.....###.....##...###.
##.....###.....#.....##
. ##.....###....#.....##
(. ##.....###...'.....##
(.. ###'### ##..#..#..##
.... #...).# ##.#.###.##
#....#.....# ###.# #..#
#...))l@).+ #.# #..#
##..#).$..# #.# #..# ##
#.....# #.# ##.# ###+###
#.# ##.. #.....##
+.###... #.....##
#..##... #.....##
#..#.... #.....##
#.......
#.....###.#.....


You could see a wyvern.

Vanquished Creatures
  An ogre (D:4)
  A water moccasin skeleton (D:4)
  A bullfrog zombie (D:4)
  2 orc priests (D:4)
  A bullfrog skeleton (D:4)
  3 iguanas (D:4)
  5 orc wizards (D:4)
  3 adders
  2 worms
  A dart slug (D:1)
  10 orcs (D:4)
  2 bats (D:1)
  5 endoplasms
  2 giant cockroaches (D:2)
  10 goblins
  6 hobgoblins
  8 jackals (D:1)
  A quokka (D:3)
  6 ball pythons
  3 frilled lizards
  9 kobolds
  5 rats
87 creatures vanquished.

Vanquished Creatures (others)
  26 plants (D:2)
26 creatures vanquished.

Grand Total: 113 creatures vanquished

Notes
Turn   | Place    | Note
-------+----------+-------------------------------------------
     0 | D:1      | Delamore the Octopode Brigand began the quest for the Orb.
     0 | D:1      | Reached XP level 1. HP: 14/14 MP: 1/1
    87 | D:1      | Reached XP level 2. HP: 11/19 MP: 2/2
   815 | D:1      | Reached XP level 3. HP: 17/24 MP: 3/3
  1410 | D:2      | Reached skill level 6 in Stealth
  1658 | D:2      | Reached XP level 4. HP: 29/29 MP: 4/4
  1676 | D:2      | Found a faded altar of an unknown god.
  2748 | D:4      | Reached XP level 5. HP: 24/34 MP: 5/5
  3045 | D:4      | Noticed an ogre
  3056 | D:4      | Killed an ogre
  3057 | D:4      | Reached skill level 5 in Short Blades
  3057 | D:4      | Reached skill level 7 in Stealth
  3057 | D:4      | Reached XP level 6. HP: 37/39 MP: 6/6
  3296 | D:4      | Gained mutation: Your magical capacity is low. (-10% MP)
                  | [potion of mutation]
  3296 | D:4      | Gained mutation: One of your tentacles bears a spike.
                  | [potion of mutation]
  3305 | D:4      | Reached XP level 7. HP: 13/45 MP: 6/6
  3751 | D:4      | Found an iron altar of Okawaru.
  3986 | D:4      | Reached skill level 8 in Stealth
  4362 | D:4      | Found a faded altar of an unknown god.
  4362 | D:4      | Found a faded altar of an unknown god.
  4368 | D:4      | Found a shimmering blue altar of Sif Muna.
  4370 | D:4      | Found a shadowy altar of Dithmenos.
  4372 | D:4      | Found a sparkling altar of Nemelex Xobeh.
  4440 | D:4      | Noticed a wyvern
  4463 | D:4      | Slain by a wyvern

Illustrated notes

Levels and vault maps discovered:
D:1:      dpeg_arrival_windows_large_door, layout_loops_cross
D:2:      layout_loops_cross, hellmonk_ecumenical_altar_heavens_door,
          minmay_misc_feat_encased, serial_bayou_lagoon_a
D:3:      layout_basic
D:4:      layout_layer_cave, chequers_temple_overflow_minitemple,
          lemuel_tele_altar, minmay_quadrilaterals

Skill      XL: |  1  2  3  4  5  6  7 |
---------------+----------------------+-----
Short Blades   | 3 4 5 6 |  6.5
Stealth        | 6 7 8 |  8.2
Fighting       | |  2.0
Throwing       | |  2.0
Dodging        | |  1.0

Action                   |  1- 3 |  4- 6 |  7- 9 || total
-------------------------+-------+-------+-------++-------
Melee: Dagger            |    68 |    84 |    51 ||   203
       Constrict         |    11 |    18 |    11 ||    40
       Tentacles         |     7 |    21 |     9 ||    37
       Kick              |       |       |    18 ||    18
Throw: Dart              |     9 |    12 |     2 ||    23
       Javelin           |       |       |     3 ||     3
  Use: Scroll            |       |     1 |       ||     1
       Potion            |       |     1 |     4 ||     5
 Stab: Sleeping          |    10 |     8 |     2 ||    20
Armor: Skin              |     3 |     2 |       ||     5
Dodge: Dodged            |    34 |    29 |    27 ||    90
